 Dungeon Crawl Stone Soup version 0.11.3 (console) character file.

2578 Lightli the Practitioner (level 9, -1/74 (75) HPs)
             Began as a Deep Dwarf Stalker on June 20, 2022.
             Was a Believer of Elyvilon.
             Killed from afar by biggnoob's ghost (22 damage)
             ... with a bolt of lightning
             ... on Level 9 of the Dungeon.
             The game lasted 00:28:17 (6072 turns).

Lightli the Practitioner (Deep Dwarf Stalker)       Turns: 6072, Time: 00:28:18

HP  -1/74 (75)   AC  7     Str 17      XL: 9   Next: 33%
MP  14/14        EV  7     Int 13      God: Elyvilon [**....]
Gold 191         SH  0     Dex 14      Spells:  2 memorised,  7 levels left

Res.Fire  : . . .   See Invis. : .   o - +5,+2 elf dagger (venom) (curse)
Res.Cold  : . . .   Warding    : .   v - +0 elf chain mail
Life Prot.: . . .   Conserve   : .   (no shield)
Res.Poison: .       Res.Corr.  : .   (no helmet)
Res.Elec. : .       Clarity    : .   c - +0 dwarf cloak
Sust.Abil.: . .     Spirit.Shd : .   (no gloves)
Res.Mut.  : .       Stasis     : .   (no boots)
Res.Rott. : .       Ctrl.Telep.: .   (no amulet)
Saprovore : . . .   Levitation : .   (no ring) Ctrl.Flight: .
                                     x - ring of invisibility

@: non-regenerating, somewhat resistant to hostile enchantments, extremely
unstealthy
A: damage resistance, recharge devices, claws 1, hooves 1, deformed body, sense
surroundings 2, slow healing 3
a: Device Recharging, Lesser Healing, Lesser Self-Healing, Divine Protection,
Purification, Renounce Religion, Evoke Invisibility


You were on level 9 of the Dungeon.
You worshipped Elyvilon.
Elyvilon was most pleased with you.
You were not hungry.

You visited 2 branches of the dungeon, and saw 10 of its levels.

You collected 171 gold pieces.

Inventory:

Hand weapons
 o - a cursed +5,+2 elven dagger of venom (weapon)
Armour
 b - a -1 robe
 c - a +0 dwarven cloak (worn)
 s - a +0 plate armour
 v - a +0 elven chain mail (worn)
Magical devices
 f - a wand of heal wounds (2)
 l - a wand of magic darts (0)
 p - a wand of fireball (2)
 q - a wand of confusion (0)
 u - a wand of lightning (0)
 y - a wand of random effects (0)
 A - a wand of magic darts (9)
Comestibles
 a - 6 honeycombs
 h - 6 beef jerkies
 t - a rotting chunk of rat flesh
 z - 2 chunks of jackal flesh
Scrolls
 j - a scroll of fear
 n - 2 scrolls of remove curse
 r - a scroll of magic mapping
 w - a scroll of vorpalise weapon {unknown}
Jewellery
 x - a ring of invisibility (left claw)
Potions
 e - 4 potions of confusion
 g - 2 potions of porridge
 i - a potion of poison
 k - a potion of levitation
 m - 2 potions of curing
Books
 d - a book of Stalking

   Spells                             Type                      Level
   *Fulsome Distillation              Transmutation/Necromancy     1
   *Evaporate                         Fire/Transmutation           2
   Passwall                           Transmutation/Earth          3
   Petrify                            Transmutation/Earth          4
   Dig                                Transmutation/Earth          4


   Skills:
 - Level 4.0 Fighting
 - Level 0.8 Short Blades
 + Level 7.8 Armour
 - Level 2.1 Dodging
 - Level 2.4 Stealth
 - Level 1.7 Stabbing
 - Level 1.0 Spellcasting
 - Level 4.0 Transmutations
 - Level 10.1 Invocations


You had 7 spell levels left.
You knew the following spells:

 Your Spells              Type           Power        Failure   Level  Hunger
a - Fulsome Distillation  Trmt/Necr      N/A          50%         1    ##.....
b - Evaporate             Fire/Trmt      ##.....      75%         2    ###....


Dungeon Overview and Level Annotations

Branches:
Dungeon (9/27)             Temple (1/1) D:4
    Orc: D:6-11        Lair: D:8-13

Altars:
Ashenzari
Elyvilon
Fedhas
Kikubaaqudgha
Makhleb
Nemelex Xobeh
Okawaru
Trog
Vehumet
Yredelemnul
Zin
the Shining One

Annotations
D:3 Sigmund
D:7 Pikel
D:9 biggnoob's ghost, experienced DECj


Innate Abilities, Weirdness & Mutations

You are resistant to damage.
You can recharge devices by infusing magical energy.
You passively map the area around you.
You do not heal naturally.
You have sharp fingernails.
You have large cloven feet.
Armour fits poorly on your strangely shaped body.


Message History

Unknown command.
Evoke which item? (* to show all) (? for menu, Esc to quit)
Zapping:
f - a wand of heal wounds (3)
Press: ? - help, Shift-Dir - straight line, f - you, p - biggnoob's ghost You feel much better.
This wand has 2 charges left.
Biggnoob's ghost hits you but does no damage.
You hit biggnoob's ghost but do no damage.
Biggnoob's ghost is severely damaged.
Biggnoob's ghost hits you but does no damage.
You hit biggnoob's ghost. Your kick misses biggnoob's ghost.
Biggnoob's ghost is almost destroyed.
Biggnoob's ghost barely misses you.
You closely miss biggnoob's ghost.
You kick biggnoob's ghost, but do no damage.
Biggnoob's ghost is almost destroyed.
Biggnoob's ghost gestures at you while chanting.
The bolt of lightning hits you!
* * * LOW HITPOINT WARNING * * *
The bolt of lightning hits you!
You die...

<##.##.# #.# . *** *
.....#.# #.# .#
.....#.# #.# .# *
.....#.######.# *.#
..............# .# *
.....#.#####..# *.#
* .....#.# #..# .# *
*
.....#.#####..####.#
..............)p@..#
..####.#####..######
..)%(..##.......#
..#######..p.h..#
..#######.......#
...l.........c..#
.########..!....# .#
#.......# * .#
#.......# , , *


You could see biggnoob's ghost.

Vanquished Creatures
  Grinder (D:5)
  A hungry ghost (D:6)
  Edmund (D:6)
  Duvessa (D:6)
  A necrophage (D:8)
  4 ogres
  An orc warrior (D:8)
  3 centaurs
  A giant frog (D:6)
  Dowan (D:6)
  4 hounds
  A hound zombie (D:6)
  An iguana (D:5)
  4 orc wizards
  A scorpion (D:5)
  4 worker ants
  4 jellies
  2 gnolls (D:7)
  An iguana zombie (D:8)
  4 adders
  An iguana skeleton (D:4)
  A worm (D:6)
  2 giant geckos
  An ooze (D:5)
  23 orcs
  7 hobgoblins
  12 kobolds
  5 quokkas (D:2)
  2 ball pythons (D:2)
  9 bats
  3 giant cockroaches
  6 giant newts
  8 goblins
  12 jackals
  A quokka skeleton (D:3)
  6 rats
  2 toadstools
142 creatures vanquished.

Vanquished Creatures (others)
  The ghost of crawlian the Firebug, an experienced DEFE of Vehumet (D:8)
  An ice beast (D:6)
  2 giant frogs (D:8)
  A boring beetle (D:8)
  A killer bee (D:9)
  An orange rat (D:8)
  An iguana (D:8)
  A jackal (D:6)
  3 plants (D:8)
  4 toadstools
16 creatures vanquished.

Grand Total: 158 creatures vanquished

Notes
Turn   | Place    | Note
--------------------------------------------------------------
     0 | D:1      | Lightli, the Deep Dwarf Stalker, began the quest for the Orb.
     0 | D:1      | Reached XP level 1. HP: 18/18 MP: 1/1
    29 | D:1      | Reached skill level 1 in Fighting
   290 | D:1      | Reached XP level 2. HP: 25/25 MP: 2/2
   299 | D:1      | Learned a level 2 spell: Evaporate
  1046 | D:2      | Reached XP level 3. HP: 31/31 MP: 3/3
  1111 | D:2      | Reached skill level 3 in Fighting
  1469 | D:3      | Found an iron altar of Okawaru.
  1493 | D:3      | Reached XP level 4. HP: 39/39 MP: 5/5
  1747 | D:3      | Noticed Sigmund
  1886 | D:4      | Gained mutation: Your muscles are strong, but stiff (Str +1, Dex -1). [potion of mutation]
  1886 | D:4      | Gained mutation: You have sharp fingernails. [potion of mutation]
  1886 | D:4      | Gained mutation: Armour fits poorly on your strangely shaped body. [potion of mutation]
  1887 | D:4      | Gained mutation: You have large cloven feet. [potion of mutation]
  1887 | D:4      | Lost mutation: Your muscles are strong, but stiff (Str +1, Dex -1). [potion of mutation]
  1950 | D:4      | Reached skill level 4 in Fighting
  2115 | D:4      | Reached XP level 5. HP: 40/46 MP: 3/6
  2485 | D:4      | Found a staircase to the Ecumenical Temple.
  2491 | Temple   | Entered the Ecumenical Temple
  2543 | Temple   | Became a worshipper of Elyvilon the Healer
  2629 | D:4      | Noticed an ogre
  2649 | D:4      | Killed an ogre
  2649 | D:4      | Reached XP level 6. HP: 26/55 MP: 3/7
  2840 | D:5      | Entered Level 5 of the Dungeon
  2894 | D:5      | Reached skill level 1 in Invocations
  2920 | D:5      | Noticed Grinder
  2936 | D:5      | Killed Grinder
  2936 | D:5      | Reached skill level 5 in Invocations
  2936 | D:5      | Reached XP level 7. HP: 35/61 MP: 6/13
  3035 | D:5      | Found a shattered altar of Ashenzari.
  3040 | D:5      | Saw a vision of the Swamp and the Spider Nest.
  3040 | D:5      | Noticed a redback
  3040 | D:5      | Noticed a redback
  3040 | D:5      | Noticed an alligator
  3042 | D:5      | Noticed a trapdoor spider
  3079 | D:5      | Reached skill level 6 in Invocations
  3526 | D:6      | Reached skill level 7 in Invocations
  3527 | D:6      | Found a basalt altar of Yredelemnul.
  3690 | D:6      | Acquired Elyvilon's first power
  3718 | D:6      | Noticed a hungry ghost
  3738 | D:6      | Reached skill level 8 in Invocations
  3751 | D:6      | Reached XP level 8. HP: 29/69 MP: 14/17
  3764 | D:6      | Killed a hungry ghost
  3764 | D:6      | Reached skill level 9 in Invocations
  3769 | D:6      | Noticed Dowan
  3772 | D:6      | Noticed Duvessa
  3875 | D:6      | Killed Duvessa
  3883 | D:6      | Killed Dowan
  3883 | D:6      | Reached skill level 10 in Invocations
  3946 | D:6      | Found a shattered altar of Ashenzari.
  3997 | D:6      | Noticed Edmund
  4037 | D:6      | Killed Edmund
  4317 | D:6      | Found a burning altar of Makhleb.
  4510 | D:7      | Noticed Blork the orc
  4517 | D:7      | Pacified Blork the orc
  4556 | D:7      | Noticed Pikel
  4623 | D:7      | Acquired Elyvilon's second power
  4937 | D:7      | Noticed a cyclops
  5096 | D:8      | Reached skill level 5 in Armour
  5246 | D:8      | Gained mutation: You passively map the area around you. [level up]
  5246 | D:8      | Reached XP level 9. HP: 27/75 MP: 17/17
  5363 | D:8      | Noticed crawlian's ghost (experienced DEFE)
  5396 | D:8      | Killed crawlian's ghost
  5589 | D:8      | Found a sparkling altar of Nemelex Xobeh.
  6008 | D:9      | Noticed biggnoob's ghost (experienced DECj)
  6072 | D:9      | Killed from afar by biggnoob's ghost
